 Dungeon Crawl Stone Soup version 0.31-a0-232-gb1c03b2570 (webtiles) character file.

Game seed: 10838598095301539218

3201 qw the Skirmisher (level 9, -3/57 HPs)
             Began as a Gargoyle Hexslinger on July 6, 2023.
             Was a Believer of Okawaru.
             Slain by an orc warrior
             ... wielding a +0 battleaxe
              (5 damage)
             ... on level 8 of the Dungeon.
             The game lasted 00:03:11 (6972 turns).

qw the Skirmisher (Gargoyle Hexslinger)             Turns: 6972, Time: 00:03:11

Health: -3/57      AC: 15    Str: 13    XL:     9   Next: 96%
Magic:  12/12      EV: 15    Int: 13    God:    Okawaru [**....]
Gold:   293        SH:  5    Dex: 14    Spells: 9/10 levels left

rFire   . . .        Y - +1 sling (drain)
rCold   + . .        (no shield)
rNeg    + + .        f - +2 robe {rN+}
rPois   inf          (no helmet)
rElec   +            b - +2 cloak
rCorr   .            (no gloves)
SInv    .            g - +0 pair of boots
Will    ++...        d - amulet of reflection
Stlth   +++          n - ring of willpower
HPRegen 0.29/turn    e - ring of protection from cold
MPRegen 0.13/turn

%: reflection
@: heroic
A: sickness immunity, AC +6, negative energy resistance 1, electricity
resistance, torment resistance 1, petrification resistance, clumsy 1,
strong-willed 1
a: Renounce Religion, Heroism


You were on level 8 of the Dungeon.
You worshipped Okawaru.
Okawaru was pleased with you.
You visited 2 branches of the dungeon, and saw 10 of its levels.

You collected 293 gold pieces.


Innate Abilities, Weirdness & Mutations

You are immune to sickness and miasma.
Your stone body is resilient. (AC +6)
You are immune to poison.
You resist negative energy. (rN+)
You are resistant to electric shocks. (rElec)
You are resistant to unholy torment.
You are immune to petrification.
You are clumsy. (Dex -2)
You are strong-willed. (Will+)


   Skills:
 + Level 7.0(12.0) Fighting
 - Level 11.0(16.0) Ranged Weapons
 - Level 1.2(6.2) Armour
 - Level 3.0(8.0) Dodging
 - Level 1.0 Spellcasting
 - Level 2.6 Hexes
 - Level 4.0 Invocations


You had 9 spell levels left.
You knew the following spells:

 Your Spells              Type           Power      Damage    Failure   Level
a - Slow                  Hex            28%        N/A       10%         1

Your spell library contained the following spells:

 Spells                   Type           Power      Damage    Failure   Level
 Inner Flame              Hex/Fire       4%         N/A       43%         3
 Portal Projectile        Hex/Tloc       8%         N/A       43%         3
 Cause Fear               Hex            3%         N/A       67%         4

Inventory:

Hand Weapons
 Y - a +1 sling of draining (weapon)
Armour
 b - a +2 cloak (worn)
 f - a +2 robe of positive energy (worn)
 g - a +0 pair of boots (worn)
Jewellery
 d - an amulet of reflection (around neck)
 e - a ring of protection from cold (right hand)
 i - a ring of resist corrosion
 n - a ring of willpower (left hand)
 o - a +6 ring of strength
Scrolls
 a - 2 scrolls of identify
Potions
 c - 2 potions of haste
 h - 3 potions of mutation
 k - 2 potions of might
 l - 3 potions of curing
 m - a potion of enlightenment

Dungeon Overview and Level Annotations

Branches:
Dungeon (9/15)             Temple (1/1) D:4
   Lair: D:8-11         Orc: D:9-12

Altars:
Ashenzari
Cheibriados
Dithmenos
Elyvilon
Fedhas
Gozag
Hepliaklqana
Kikubaaqudgha
Makhleb
Nemelex Xobeh
Okawaru
Qazlal
Sif Muna
Trog
Uskayaw
Vehumet
Xom
Yredelemnul
Zin
The Shining One

Shops:
D:4 *


Message History

Something hits you but does no damage.
Deactivating autopickup; reactivate with Ctrl-A.
The yak gores you.
You shoot a sling bullet. The sling bullet hits the yak!
You drain the yak.
The yak is severely wounded.
The warg barely misses you.
You shoot a sling bullet. The sling bullet hits the yak.
The yak is severely wounded.
The orc warrior closely misses you. The yak gores you but does no damage.
Something hits you but does no damage. You block the yak's attack.
The yak gores you but does no damage. The warg closely misses you.
You shoot a sling bullet. The sling bullet hits the yak.
You drain the yak.
You kill the yak!
Okawaru is honoured by your kill.
The orc warrior hits you but does no damage.
The yak completely misses you. Something barely misses you. The yak gores you!
The warg closely misses you.
Your base Dodging skill increases to level 3!
You shoot a sling bullet. The sling bullet hits the warg.
The warg is lightly wounded.
You block the orc warrior's attack. The yak closely misses you.
Something hits you but does no damage. The yak completely misses you.
You shoot a sling bullet.
The sling bullet hits the warg but does no damage.
The warg is lightly wounded.
The warg closely misses you.
You shoot a sling bullet. The sling bullet hits the warg.
The warg is lightly wounded.
The warg misses you. The yak gores you but does no damage.
You block something's attack.
The orc warrior hits you with a +0 battleaxe!
The yak gores you but does no damage.
You shoot a sling bullet. The sling bullet hits the warg!
You drain the warg.
The warg is heavily wounded.
The warg bites you but does no damage. The yak gores you but does no damage.
You hear some strange, mumbled words.
A magic dart appears from out of thin air!
The magic dart hits you but does no damage.
The orc warrior hits you with a +0 battleaxe.
You die...

...#.............(:..............
...#......#..................##..
..........#..##..................
##....#..##.##..............#...#
#...##......###.....#..#.###....
##.......?..####....#..######...
##.....#...##......#..........#
##..#.#....#oY................
###..#........@{...............
#............Y.h...............
##...###.......................
#..##.....................##..
##.........##.....#...........
##...##...###)....#..........
##...###..##..........#.....
##....#..#..##.............
###.........##..............


You could see 2 yaks, a warg (drained) and an orc warrior.

Vanquished Creatures
  2 yaks
  A wyvern (D:8)
  2 water moccasins
  3 sky beasts
  An orc warrior (D:8)
  4 ogres
  2 kobold brigands
  A phantom (D:4)
  A bullfrog (D:7)
  A gnoll sergeant (D:7)
  3 scorpions
  3 wights (D:8)
  5 killer bees (D:7)
  2 hounds (D:5)
  5 jellies
  2 gnoll boudas
  3 iguanas
  4 sleepcaps
  Terence (D:3)
  7 orc wizards
  13 gnolls
  6 adders
  A shadow imp (D:3)
  A white imp (D:6)
  An ufetubus (D:6)
  A worm (D:4)
  2 dart slugs
  30 orcs
  6 ball pythons
  7 endoplasms
  3 giant cockroaches
  3 goblins (D:2)
  4 hobgoblins
  2 jackals (D:4)
  4 quokkas
  3 bats
  4 frilled lizards
  15 kobolds
  4 rats
163 creatures vanquished.

Notes
Turn   | Place    | Note
-------+----------+-------------------------------------------
     0 | D:1      | qw the Gargoyle Hexslinger began the quest for the Orb.
     0 | D:1      | Reached XP level 1. HP: 12/12 MP: 2/2
     0 | D:1      | 0 ||| qw: Version: 0.3-a-46-gb1f654a
     0 | D:1      | 0 ||| qw: Game counter: 1952
     0 | D:1      | 0 ||| qw: Melee chars always use a shield: true
     0 | D:1      | 0 ||| qw: God list: Okawaru
     0 | D:1      | 0 ||| qw: Allow faded altars: false
     0 | D:1      | 0 ||| qw: Do Orc after clearing Dungeon:15 true
     0 | D:1      | 0 ||| qw: Do second Lair branch before Depths: true
     0 | D:1      | 0 ||| qw: Lair rune preference: random
     0 | D:1      | 0 ||| qw: Goals: Normal
     0 | D:1      | 0 ||| PLANNING D:1-11
   480 | D:1      | Reached XP level 2. HP: 16/16 MP: 3/3
   831 | D:1      | 831 ||| UPGRADING to +0 ring mail.
   841 | D:1      | 841 ||| DROPPING +0 robe.
   842 | D:1      | 842 ||| UPGRADING to amulet of reflection.
   847 | D:1      | 847 ||| UPGRADING to ring of resist corrosion.
   848 | D:1      | 848 ||| READING 2 scrolls labelled NUKHOE NEIMECE.
   849 | D:1      | 849 ||| READING scroll labelled PIYLEACKERGH.
   850 | D:1      | 850 ||| DROPPING scroll of poison.
   879 | D:2      | Reached skill level 3 in Ranged Weapons
  1122 | D:2      | Reached XP level 3. HP: 21/21 MP: 4/4
  1514 | D:2      | 1514 ||| READING scroll labelled TEOR RERUMMEL.
  1515 | D:2      | 1515 ||| READING scroll labelled WIGGAI OMYAZXY.
  1516 | D:2      | 1516 ||| READING scroll labelled TASEAVV VIUX.
  1617 | D:2      | 1617 ||| DRINKING 2 purple potions.
  1618 | D:2      | 1618 ||| DRINKING 2 inky potions.
  1624 | D:2      | 1624 ||| DROPPING potion of attraction.
  1625 | D:2      | 1625 ||| DROPPING potion of ambrosia.
  1690 | D:3      | Noticed Terence
  1700 | D:3      | HP: 4/21 [Terence/+0 short sword (7)]
  1703 | D:3      | Killed Terence
  1704 | D:3      | Reached XP level 4. HP: 3/26 MP: 5/5
  1845 | D:3      | Reached skill level 4 in Ranged Weapons
  1925 | D:3      | Reached skill level 1 in Armour
  2328 | D:3      | 2328 ||| UPGRADING to +0 cloak.
  2333 | D:3      | 2333 ||| READING 2 scrolls labelled TEOJOTR EXAPRU.
  2334 | D:3      | 2334 ||| READING scroll of brand weapon.
  2334 | D:3      | 2334 ||| BRANDING +1 sling of flaming.
  2335 | D:3      | 2335 ||| READING scroll labelled YROGIB NACI ELE.
  2340 | D:3      | 2340 ||| READING scroll labelled LOYNOE FAOJULI.
  2341 | D:3      | 2341 ||| READING 2 scrolls of identify.
  2341 | D:3      | 2341 ||| IDENTIFYING yellow potion
  2342 | D:3      | 2342 ||| DROPPING potion of brilliance.
  2367 | D:4      | Noticed an ogre
  2375 | D:4      | Killed an ogre
  2376 | D:4      | Reached skill level 5 in Ranged Weapons
  2376 | D:4      | Reached XP level 5. HP: 30/30 MP: 6/6
  2429 | D:4      | HP: 2/30 [iguana (7)]
  2436 | D:4      | Reached skill level 3 in Fighting
  2436 | D:4      | Reached XP level 6. HP: 5/37 MP: 7/7
  2809 | D:4      | Found a staircase to the Ecumenical Temple.
  2810 | D:4      | 2810 ||| PLANNING TEMPLE
  2810 | D:4      | 2810 ||| READING scroll labelled HAHILO KUKAE.
  2811 | D:4      | 2811 ||| DRINKING 3 amethyst potions.
  2812 | D:4      | 2812 ||| DRINKING 2 green potions.
  2813 | D:4      | 2813 ||| DRINKING 2 smoky red potions.
  2814 | D:4      | 2814 ||| READING 2 scrolls of identify.
  2814 | D:4      | 2814 ||| IDENTIFYING silvery potion
  2815 | D:4      | 2815 ||| DROPPING potion of degeneration.
  2824 | Temple   | Entered the Ecumenical Temple
  2888 | Temple   | 2888 ||| PLANNING OKAWARU WORSHIP
  3003 | Temple   | Became a worshipper of Warmaster Okawaru
  3004 | Temple   | 3004 ||| PLANNING D:1-11
  3082 | D:4      | Found Luilaap's Fire Supplies.
  3088 | D:4      | 3088 ||| SHOPLISTING +1 ring mail of fire resistance (224
                  | gold, have 99).
  3088 | D:4      | 3088 ||| SHOPLISTING ring of protection from fire (350
                  | gold, have 99).
  3103 | D:4      | Reached skill level 6 in Ranged Weapons
  3270 | D:4      | 3270 ||| UPGRADING to ring of protection from cold.
  3277 | D:5      | Entered Level 5 of the Dungeon
  3350 | D:5      | Reached XP level 7. HP: 43/43 MP: 8/8
  3400 | D:5      | 3400 ||| Stepping ~*~*~tactically~*~*~ (outnumbered).
  3401 | D:5      | 3401 ||| FLEEEEING.
  3402 | D:5      | 3402 ||| Stepping ~*~*~tactically~*~*~ (outnumbered).
  3414 | D:5      | HP: 9/43 [kobold/+0 short sword (3)]
  3415 | D:5      | 3415 ||| READING scroll of teleportation.
  3416 | D:5      | 3416 ||| DRINKING potion of heal wounds.
  3547 | D:5      | Identified the +2 robe "Kif Xesh" {rPois}
  3563 | D:5      | 3563 ||| FLEEEEING.
  3564 | D:5      | 3564 ||| FLEEEEING.
  3580 | D:5      | Reached * piety under Okawaru
  3581 | D:5      | Reached skill level 7 in Ranged Weapons
  3581 | D:5      | 3581 ||| INVOKING Heroism.
  3987 | D:5      | 3987 ||| UPGRADING to +2 robe "Kif Xesh" {rPois}.
  3997 | D:5      | 3997 ||| DROPPING +0 ring mail.
  3998 | D:5      | 3998 ||| UPGRADING to ring of willpower.
  4000 | D:5      | 4000 ||| READING scroll labelled GEKKUY POGEU.
  4001 | D:5      | 4001 ||| DRINKING 3 emerald potions.
  4001 | D:5      | Gained mutation: You are clumsy. (Dex -2) [potion of
                  | mutation]
  4001 | D:5      | Gained mutation: You are strong-willed. (Will+) [potion of
                  | mutation]
  4002 | D:5      | 4002 ||| DRINKING 2 smoky grey potions.
  4157 | D:6      | Reached skill level 1 in Invocations
  4290 | D:6      | Reached XP level 8. HP: 48/48 MP: 9/9
  4402 | D:6      | Reached skill level 8 in Ranged Weapons
  4626 | D:6      | 4626 ||| INVOKING Heroism.
  4634 | D:6      | Reached skill level 3 in Invocations
  4654 | D:6      | 4654 ||| INVOKING Heroism.
  4700 | D:6      | 4700 ||| INVOKING Heroism.
  4854 | D:6      | 4854 ||| Stepping ~*~*~tactically~*~*~ (outnumbered).
  4860 | D:6      | 4860 ||| INVOKING Heroism.
  4866 | D:6      | 4866 ||| Stepping ~*~*~tactically~*~*~ (outnumbered).
  4903 | D:6      | 4903 ||| INVOKING Heroism.
  4942 | D:6      | 4942 ||| INVOKING Heroism.
  4981 | D:6      | Reached skill level 9 in Ranged Weapons
  5048 | D:6      | 5048 ||| INVOKING Heroism.
  5165 | D:6      | 5165 ||| UPGRADING to +2 robe of positive energy.
  5175 | D:6      | 5175 ||| DROPPING +2 robe "Kif Xesh" {rPois}.
  5176 | D:6      | 5176 ||| UPGRADING to +0 pair of boots.
  5181 | D:6      | 5181 ||| READING scroll labelled RUTYAGRU MUCW.
  5182 | D:6      | 5182 ||| READING 2 scrolls of identify.
  5182 | D:6      | 5182 ||| IDENTIFYING ruby potion
  5314 | D:7      | Reached XP level 9. HP: 54/54 MP: 12/12
  5421 | D:7      | Reached skill level 6 in Fighting
  5465 | D:7      | 5465 ||| INVOKING Heroism.
  5516 | D:7      | 5516 ||| INVOKING Heroism.
  5681 | D:7      | Found an opulent altar of Gozag.
  5682 | D:7      | 5682 ||| INVOKING Heroism.
  5829 | D:7      | Reached skill level 10 in Ranged Weapons
  6101 | D:7      | Found a snail-covered altar of Cheibriados.
  6186 | D:7      | 6186 ||| UPGRADING to +2 cloak.
  6196 | D:7      | 6196 ||| DROPPING +0 cloak.
  6323 | D:8      | Reached ** piety under Okawaru
  6338 | D:8      | 6338 ||| INVOKING Heroism.
  6449 | D:8      | 6449 ||| INVOKING Heroism.
  6682 | D:8      | 6682 ||| INVOKING Heroism.
  6952 | D:9      | 6952 ||| INVOKING Heroism.
  6957 | D:9      | Reached skill level 11 in Ranged Weapons
  6963 | D:9      | 6963 ||| STAIRDANCE
  6969 | D:8      | Reached skill level 3 in Dodging
  6971 | D:8      | HP: 1/57 [orc warrior/+0 battleaxe (15)]
  6972 | D:8      | Slain by an orc warrior

Levels and vault maps discovered:
D:1:      ncdulo_wetmaze, layout_basic, nicolae_kite_square_tiling_tiny,
          chequers_hall_statues_wall_a
D:2:      layout_loops_ring
D:3:      layout_basic, uniq_terence
D:4:      layout_cave_pools, minmay_temple_entry_antechambers,
          nicolae_shop_fire_sale [nicolae_sub_dead_trees]
D:5:      layout_basic, chequers_decorated_corner, minivault_14
D:6:      layout_basic, serial_co_window_serial, co_window_corner_a,
          co_window_of_opportunity_a, co_window_cross_1,
          co_window_of_opportunity_a, co_window_paths_a, co_window_corner_a,
          co_window_corner_cb, co_window_of_opportunity_b, co_window_2corner,
          co_window_2corner, co_window_broadway_b
D:7:      layout_loops_ring, nicolae_gozag_cash_rules_everything_around_me,
          cheibriados_altar_1, bh_walls_and_bars
D:8:      layout_cave_pools
D:9:      layout_loops_ring, general_overflow_altar, erik_lair_orcish_takeover,
          zombieorc2_lemuel, grunt_decor_junction
Temple:   regret_index_temple_chain_breaker

Skill      XL: |  1  2  3  4  5  6  7  8  9 |
---------------+----------------------------+-----
Ranged Weapons | 3 5 6 7 9 11 | 11.0
Fighting       | 2 3 4 5 7 |  7.0
Armour         | 1 |  1.2
Invocations    | 1 4 |  4.0
Dodging        | 2 3 |  3.0
Spellcasting   | |  1.0
Hexes          | |  2.6

Action                     |  1- 3 |  4- 6 |  7- 9 || total
---------------------------+-------+-------+-------++-------
   Fire: Sling             |    98 |   156 |   569 ||   823
 Invoke: Heroism           |       |       |    15 ||    15
    Use: Scroll            |     5 |     7 |     4 ||    16
         Potion            |     2 |     3 |     3 ||     8
 Armour: Robe              |     2 |       |    89 ||    91
         Ring mail         |    12 |    41 |    64 ||   117
  Dodge: Dodged            |    13 |    45 |   211 ||   269
  Block: Other             |     5 |    19 |    76 ||   100

Table legend:
 A = Non-vault XP
 B = Vault XP
 C = Vault XP percentage of total XP
 D = Non-vault monster count
 E = Vault monster count
 F = Vault count percentage of total count
                 A         B        C        D         E       F
            +---------+---------+-------+---------+---------+-------
      Total |    4535 |      38 |   0.8 |     162 |       1 |   0.6
            +---------+---------+-------+---------+---------+-------
        D:1 |      18 |       0 |   0.0 |      10 |       0 |   0.0
        D:2 |      31 |       0 |   0.0 |      20 |       0 |   0.0
        D:3 |      37 |      38 |  50.7 |      10 |       1 |   9.1
        D:4 |     461 |       0 |   0.0 |      18 |       0 |   0.0
        D:5 |     452 |       0 |   0.0 |      20 |       0 |   0.0
        D:6 |    1240 |       0 |   0.0 |      41 |       0 |   0.0
        D:7 |    1313 |       0 |   0.0 |      27 |       0 |   0.0
        D:8 |     777 |       0 |   0.0 |      15 |       0 |   0.0
        D:9 |     206 |       0 |   0.0 |       1 |       0 |   0.0
            +---------+---------+-------+---------+---------+-------
